 Dungeon Crawl Stone Soup version 0.27.1 (webtiles) character file.

Game seed: 10236259149785827255

366 ZARRMARR the Sneak (level 6, -7/41 HPs)
             Began as an Octopode Conjurer on Sept 4, 2021.
             Mangled by a steam dragon (9 damage)
             ... on level 6 of the Dungeon.
             The game lasted 00:13:51 (2946 turns).

ZARRMARR the Sneak (Octopode Conjurer)              Turns: 2946, Time: 00:13:51

Health: -7/41      AC:  1    Str:  6    XL:     6   Next: 68%
Magic:  4/10       EV: 13    Int: 23    God:
Gold:   79         SH:  0    Dex: 10    Spells: 8/11 levels left

rFire    . . .     SeeInvis .   (no weapon)
rCold    . . .     Faith    .   (no shield)
rNeg     + . .     Spirit   .   (helmet restricted)
rPois    .         Reflect  .   (no amulet)
rElec    .         Harm     .   d - ring of positive energy
rCorr    .         Rampage  .   (no ring)
Will     .....                  (no ring)
Stlth    ++++......             (no ring)
HPRegen  0.13/turn              (no ring)
MPRegen  0.12/turn              (no ring)
                                (no ring)
                                (no ring)

@: no status effects
A: almost no armour, amphibious, 8 rings, camouflage 1, gelatinous body 1,
(nimble swimmer 1), tentacles
a: no special abilities


You were on level 6 of the Dungeon.
You visited 1 branch of the dungeon, and saw 4 of its levels.

You collected 79 gold pieces.

Inventory:

Jewellery
 d - a ring of positive energy (left tentacle)
Wands
 k - a wand of digging (5)
Scrolls
 a - a scroll of fear {unknown}
 e - 2 scrolls of identify {unknown}
 f - a scroll of summoning {unknown}
 g - 2 scrolls of enchant weapon {unknown}
 i - 3 scrolls of teleportation {unknown}
Potions
 b - 3 potions of curing {unknown}
 c - 2 potions of heal wounds {unknown}
 h - 2 potions of degeneration {unknown}
 j - a potion of resistance {unknown}
 l - a potion of berserk rage {unknown}


   Skills:
 + Level 2.6 Fighting
 + Level 3.4 Dodging
 + Level 5.0 Stealth
 + Level 3.3 Spellcasting
 + Level 4.9 Conjurations


You had 8 spell levels left.
You knew the following spells:

 Your Spells              Type           Power      Damage    Failure   Level
a - Magic Dart            Conj           100%       1d8       1%          1
b - Searing Ray           Conj           52%        3d5       2%          2

Your spell library contained the following spells:

 Spells                   Type           Power      Damage    Failure   Level
 Dazzling Flash           Conj/Hex       30%        N/A       12%         3
 Fulminant Prism          Conj/Hex       7%         3d7       38%         4
 Iskenderun's Mystic Bla  Conj/Tloc      15%        2d5       38%         4
 Summon Forest            Summ/Tloc      1%         N/A       97%         5
 Summon Mana Viper        Hex/Summ       3%         N/A       97%         5
 Shadow Creatures         Summ           N/A        N/A       100%        6


Dungeon Overview and Level Annotations

Branches:
Dungeon (3/15)

Altars:
Yredelemnul

Shops:
D:1 !**


Innate Abilities, Weirdness & Mutations

You cannot wear most types of armour.
You are amphibious.
You can wear up to eight rings at the same time.
Your skin changes colour to match your surroundings (Stealth+).
Your rubbery body absorbs attacks. (AC +1, EV +1)
((You are camouflaged near water. (Stealth+)))
You have tentacles for arms and can constrict up to eight enemies at once.


Message History

You hear the slow rusting of a distant drain.
You see here a bullfrog corpse.
Found 11 gold pieces.
Found a scroll labelled JOTURIRYZXEKUR.
Found a red potion.
You now have enough gold to buy 3 amethyst potions on D:1.
You can access your shopping list by pressing '$'.
You now have 79 gold pieces (gained 11).
Found a viscous brown potion.
i - 3 scrolls labelled JOTURIRYZXEKUR (gained 1)
A steam dragon comes into view.
Found an amethyst potion and 22 stones.
Casting: Magic Dart (safe; 1% risk of failure)
Confirm with . or Enter, or press ? or * to list all spells.
Aiming: Searing Ray (safe; 2% risk of failure)
Press: ? - help, Shift-Dir - straight line, f - steam dragon
Aim: a steam dragon (asleep, 100% to hit)
The searing ray hits the steam dragon.
The steam dragon is lightly wounded.
The steam dragon hisses angrily. (Press . to maintain the ray.)
The searing ray hits the steam dragon.
The steam dragon is moderately wounded.
The steam dragon breathes steam at you. The ball of steam hits you!
* * * LOW HITPOINT WARNING * * *
Unknown command.
Casting: Searing Ray (safe; 2% risk of failure)
Confirm with . or Enter, or press ? or * to list all spells.
Aiming: Searing Ray (safe; 2% risk of failure)
Press: ? - help, Shift-Dir - straight line, f/p - steam dragon
Aim: a steam dragon (moderately wounded, 79% to hit)
The searing ray hits the steam dragon!
The steam dragon is severely wounded. (Press . to maintain the ray.)
The steam dragon breathes steam at you. The ball of steam misses you.
Unknown command.
The steam dragon bites you!
You die...

# #!######## #....!...###
##....!.@§.### #######
#.....D§§§§.######......
#(.....#####............†
....... ###........###
##..... ###......# ###...
#.....># ##.. #......#
#.. #.......!# ...
#.(.......#


You could see a steam dragon (catching breath).

Vanquished Creatures
  2 bullfrogs (D:6)
  A howler monkey (D:2)
  A bullfrog skeleton (D:6)
  Natasha (twice) (D:2)
  6 adders
  A worm (D:3)
  A dart slug (D:2)
  4 orcs (D:2)
  6 bats
  7 endoplasms
  2 giant cockroaches (D:2)
  5 goblins
  2 hobgoblins
  4 jackals (D:2)
  2 quokkas (D:1)
  5 ball pythons
  3 frilled lizards
  6 kobolds
  4 rats
64 creatures vanquished.

Notes
Turn   | Place    | Note
-------+----------+-------------------------------------------
     0 | D:1      | ZARRMARR the Octopode Conjurer began the quest for the Orb.
     0 | D:1      | Reached XP level 1. HP: 11/11 MP: 3/3
   177 | D:1      | Reached XP level 2. HP: 9/18 MP: 1/5
   380 | D:1      | Reached skill level 3 in Stealth
   397 | D:1      | Found Noestreti's Distillery.
   544 | D:1      | Found Vecaytu's Assorted Antiques.
   546 | D:1      | Found Guas's Assorted Antiques.
   926 | D:1      | Reached XP level 3. HP: 22/22 MP: 3/6
   996 | D:1      | Reached skill level 1 in Fighting
  1116 | D:2      | Noticed Natasha
  1253 | D:2      | Learned a level 2 spell: Searing Ray
  1656 | D:2      | Reached XP level 4. HP: 13/28 MP: 5/7
  1989 | D:2      | Reached skill level 4 in Stealth
  1989 | D:2      | Reached XP level 5. HP: 34/34 MP: 1/9
  2137 | D:2      | Found a faded altar of an unknown god.
  2450 | D:2      | Killed Natasha
  2562 | D:2      | Noticed Natasha
  2567 | D:2      | Killed Natasha
  2629 | D:3      | Found a basalt altar of Yredelemnul.
  2857 | D:3      | You fall into a shaft and drop 3 floors!
  2861 | D:6      | Reached XP level 6. HP: 39/39 MP: 3/10
  2885 | D:6      | Reached skill level 5 in Stealth
  2937 | D:6      | Noticed a steam dragon
  2942 | D:6      | HP: 2/41 [steam dragon/ball of steam (15)]
  2946 | D:6      | Mangled by a steam dragon

Illustrated notes

Levels and vault maps discovered:
D:1:      psy_arrival_whirlpool, layout_basic, serial_shops,
          nicolae_diamond_shop, nicolae_shop_overgrown_old_shop, shop
D:2:      minmay_door_path, layout_rooms, ebering_ecumenical_altar_mist,
          chequers_serial_rivers_large_b, uniq_natasha
D:3:      layout_loops_ring, yredelemnul_altar_generic
D:6:      layout_layer_cave, lightli_sewer_entry_pipes

Skill      XL: |  1  2  3  4  5  6 |
---------------+-------------------+-----
Stealth        | 3 4 5 |  5.0
Fighting       | 1 2 |  2.6
Dodging        | 3 |  3.4
Spellcasting   | 3 |  3.3
Conjurations   | |  4.9

Action                   |  1- 3 |  4- 6 || total
-------------------------+-------+-------++-------
Melee: Unarmed           |    20 |    15 ||    35
       Constrict         |     3 |     2 ||     5
       Tentacles         |     2 |     1 ||     3
 Cast: Magic Dart        |    69 |    19 ||    88
       Searing Ray       |     2 |    22 ||    24
Dodge: Dodged            |    15 |    12 ||    27
